 Dungeon Crawl Stone Soup version 0.20.0-15-g7f486f2 (webtiles) character file.

870 fili the Cleaver (level 7, -10/66 HPs)
             Began as a Minotaur Fighter on June 18, 2017.
             Was an Initiate of Yredelemnul.
             Mangled by Duvessa
             ... wielding a +1 short sword of electrocution
              (11 damage)
             ... on level 5 of the Dungeon.
             The game lasted 00:26:53 (4619 turns).

fili the Cleaver (Minotaur Fighter)                 Turns: 4619, Time: 00:26:53

Health: -10/66     AC: 10    Str: 23    XL:     7   Next: 73%
Magic:  0/6        EV:  7    Int:  5    God:    Yredelemnul [......]
Gold:   181        SH:  9    Dex: 11    Spells: 6/6 levels left

rFire    + . .     SeeInvis .   l - +4 mace
rCold    . . .     Gourm    .   c - +0 shield
rNeg     . . .     Faith    .   b - +0 scale mail
rPois    .         Spirit   +   (helmet restricted)
rElec    .         Reflect  .   w - scarf {Spirit}
rCorr    .         Harm     .   g - +0 pair of gloves
MR       .....                  y - +0 pair of boots
Stlth    ..........             i - amulet of magic regeneration
Regen    0.3/turn               t - ring of protection from fire
MPRegen  0.2/turn               x - ring of wizardry

@: no status effects
A: retaliatory headbutt, horns 2, agile 1, shaggy fur 1, evolution 1
a: Renounce Religion


You were on level 5 of the Dungeon.
You worshipped Yredelemnul.
Yredelemnul was noncommittal.
You were not hungry.

You visited 2 branches of the dungeon, and saw 6 of its levels.

You collected 181 gold pieces.

Inventory:

Hand Weapons
 a - a +0 war axe
 l - a +4 mace (weapon)
 q - a +1 mace of holy wrath
Armour
 b - a +0 scale mail (worn)
 c - a +0 shield (worn)
 g - a +0 pair of gloves (worn)
 w - a scarf of spirit shield (worn)
 y - a +0 pair of boots (worn)
Jewellery
 i - an amulet of magic regeneration (around neck)
 s - a +2 ring of strength {unknown}
 t - a ring of protection from fire (left hand)
 x - a ring of wizardry (right hand)
Wands
 o - a wand of random effects (8/48)
Scrolls
 e - 7 scrolls of identify
 p - 3 scrolls of random uselessness {unknown}
 r - 2 scrolls of remove curse
Potions
 d - a potion of might
 j - 2 potions of magic
 n - a potion of brilliance
 u - a potion of flight
 A - a potion of lignification {unknown}
 B - a potion of cancellation {unknown}
Books
 v - a book of Cantrips

   Spells                             Type                      Level
   a - Confusing Touch                Hexes                        1
   b - Animate Skeleton               Necromancy                   1
   c - Summon Small Mammal            Summoning                    1
   d - Apportation                    Translocation                1
Comestibles
 f - 4 bread rations
 k - a fruit
 m - 6 chunks of flesh
 z - 2 meat rations


   Skills:
 + Level 7.1 Fighting
 * Level 9.0 Axes
 - Level 3.6 Armour
 - Level 3.6 Shields


You had 6 spell levels left.
You didn't know any spells.

Dungeon Overview and Level Annotations

Branches:
Dungeon (5/15)             Temple (1/1) D:5

Altars:
Ashenzari
Cheibriados
Dithmenos
Fedhas
Hepliaklqana
Kikubaaqudgha
Nemelex Xobeh
Qazlal
Ru
Sif Muna
Trog
Xom
Yredelemnul
Zin
The Shining One

Annotations:
D:3 3 exclusions
D:5 Duvessa


Innate Abilities, Weirdness & Mutations

You reflexively headbutt those who attack you in melee.
You have a pair of horns on your head.
You are agile. (Dex +2)
You are covered in fur. (AC +1)
You evolve.


Message History

* * * LOW HITPOINT WARNING * * *
Aiming: Random Effects (will waste charges)
Press: ? - help, Shift-Dir - straight line, f - Duvessa
Aim: Duvessa, wielding a short sword of electrocution and wearing a leather armour (lightly wounded, berserk, fast, unusually strong)
The mass of ice explodes!
The iceblast engulfs Duvessa.
Duvessa is moderately wounded.
The iceblast engulfs the worker ant.
The worker ant is almost dead.
The iceblast engulfs you!
The iceblast engulfs the quokka.
You kill the quokka!
Yredelemnul accepts your kill.
Evoking this partially-identified wand wasted a few charges.
You hear a shout!
Duvessa hits you but does no damage.
You are electrocuted!
* * * LOW HITPOINT WARNING * * *
Duvessa hits you with a short sword of electrocution.
* * * LOW HITPOINT WARNING * * *
You are electrocuted!
You die...
Your body rises from the dead as a mindless zombie.

#......# #.###.#.## #.#
#......# #.##.....# #.#
#......# #.##.....####.#
#......#####.##<..........
#.........................
+......#####.#............
#.......a###.#............
..?.....#e).......#.#......
........#.@..........####.#
........#..................
.....##.#............#...#.
####. #.#............#.⌠.#.
# #.#..........###...##
#.#<.................
##..........⌠(.>..⌠
..................
#..###...##


You could see Duvessa (berserk) and a worker ant.

Vanquished Creatures
  Blork the orc (D:4)
  Dowan (D:5)
  2 scorpions (D:4)
  A howler monkey (D:4)
  A crimson imp (D:4)
  A jelly (D:5)
  An orc priest (D:4)
  3 hounds (D:4)
  3 orc wizards
  3 worker ants
  A howler monkey zombie (D:5)
  Robin (D:1)
  11 adders
  An ooze (D:5)
  3 worms
  2 dart slugs
  A leopard gecko (D:5)
  22 orcs
  6 bats
  5 giant cockroaches
  21 goblins
  8 hobgoblins
  6 jackals
  3 quokkas
  2 ball pythons
  4 frilled lizards
  2 goblin zombies (D:4)
  3 hobgoblin zombies (D:4)
  6 kobolds
  A kobold skeleton (D:4)
  3 orc skeletons (D:4)
  An orc zombie (D:4)
  A quokka skeleton (D:5)
  10 rats
141 creatures vanquished.

Notes
Turn   | Place    | Note
-------+----------+-------------------------------------------
     0 | D:1      | fili the Minotaur Fighter began the quest for the Orb.
     0 | D:1      | Reached XP level 1. HP: 19/19 MP: 0/0
   157 | D:1      | Reached skill level 3 in Axes
   202 | D:1      | Reached XP level 2. HP: 27/27 MP: 1/1
   835 | D:2      | Noticed Robin
   865 | D:2      | Found a faded altar of an unknown god.
   968 | D:2      | Reached XP level 3. HP: 22/33 MP: 2/2
  1225 | D:2      | Reached skill level 4 in Axes
  1447 | D:1      | Killed Robin
  1447 | D:1      | Reached XP level 4. HP: 41/41 MP: 3/3
  1769 | D:2      | Gained mutation: You are covered in fur. (AC +1) [potion of mutation]
  1769 | D:2      | Gained mutation: You are agile. (Dex +2) [potion of mutation]
  1769 | D:2      | Gained mutation: You evolve. [potion of mutation]
  1835 | D:3      | Reached skill level 5 in Axes
  1908 | D:3      | Reached XP level 5. HP: 28/47 MP: 4/4
  2092 | D:3      | Found a shimmering altar of Xom.
  2156 | D:3      | Reached skill level 5 in Fighting
  2410 | D:3      | Reached skill level 6 in Axes
  2868 | D:4      | Reached XP level 6. HP: 56/56 MP: 5/5
  2914 | D:4      | Noticed Blork the orc
  2919 | D:4      | Killed Blork the orc
  2967 | D:4      | Reached skill level 7 in Axes
  3139 | D:4      | Found a glowing golden altar of the Shining One.
  3231 | D:4      | Reached XP level 7. HP: 55/63 MP: 6/6
  3364 | D:4      | Reached skill level 8 in Axes
  3967 | D:5      | Entered Level 5 of the Dungeon
  4105 | D:5      | Found a staircase to the Ecumenical Temple.
  4114 | Temple   | Entered the Ecumenical Temple
  4221 | Temple   | Became a worshipper of Yredelemnul the Dark
  4604 | D:5      | Noticed Duvessa
  4605 | D:5      | Noticed Dowan
  4615 | D:5      | Killed Dowan
  4615 | D:5      | Reached skill level 9 in Axes
  4619 | D:5      | HP: 1/66 [Duvessa/short sword of electrocution (3)]
  4619 | D:5      | Mangled by Duvessa

Skill      XL: |  1  2  3  4  5  6  7 |
---------------+----------------------+-----
Axes           | 3 4 5 6 7 9 |  9.0
Fighting       | 4 5 6 7 |  7.1
Armour         | |  3.6
Shields        | |  3.6

Action                   |  1- 3 |  4- 6 |  7- 9 || total
-------------------------+-------+-------+-------++-------
Melee: War axe           |    34 |       |       ||    34
       Headbutt          |     8 |    29 |    20 ||    57
       Mace              |    32 |   172 |    90 ||   294
Evoke: Wand              |       |       |     1 ||     1
  Use: Potion            |     1 |     6 |     1 ||     8
       Scroll            |     1 |     4 |       ||     5
  Eat: Chunk             |     2 |     6 |     4 ||    12
Armor: Scale mail        |    19 |    58 |    46 ||   123
Dodge: Dodged            |    19 |    40 |    19 ||    78
Block: Shield            |    32 |    78 |    52 ||   162
